 Dungeon Crawl Stone Soup version 0.21.1-1-g345015f (webtiles) character file.

28 4thArraOfDagon the Grave Robber (level 2, -6/28 HPs)
             Began as a Deep Dwarf Necromancer on June 8, 2018.
             Mangled by an ogre
             ... wielding a +0 giant club
              (13 damage)
             ... on level 4 of the Dungeon.
             The game lasted 00:03:04 (338 turns).

4thArraOfDagon the Grave Robber (DDNe)               Turns: 338, Time: 00:03:05

Health: -6/28      AC: 21    Str: 16    XL:     2   Next: 96%
Magic:  5/5        EV:  2    Int: 15    God:
Gold:   67         SH:  0    Dex: 20    Spells: 4/5 levels left

rFire    . . .     SeeInvis .   g - +0 glaive
rCold    . . .     Gourm    .   (shield currently unavailable)
rNeg     + + +     Faith    .   (armour currently unavailable)
rPois    +         Spirit   .   (helmet currently unavailable)
rElec    .         Reflect  .   (cloak currently unavailable)
rCorr    .         Harm     .   (gloves currently unavailable)
MR       .....     NoTele   +   (boots currently unavailable)
Stlth    +++.......             (no amulet)
HPRegen  0.00/turn              (no ring)
MPRegen  0.09/turn              (no ring)

@: mighty, agile, tree-form, non-regenerating
A: damage resistance, heal wounds, agile 1, frail 1, sense surroundings 1,
MP-powered wands, no regeneration
a: Heal Wounds


You were on level 4 of the Dungeon.
You were not hungry.
You were a tree.
You visited 1 branch of the dungeon, and saw 4 of its levels.

You collected 67 gold pieces.

Inventory:

Hand Weapons
 g - a +0 glaive (weapon)
Armour
 a - a +0 robe
 j - a cursed +0 ring mail (melded)
Jewellery
 d - an uncursed amulet of regeneration
Scrolls
 f - a scroll of identify {unknown}
Potions
 h - a potion of heal wounds
Books
 b - a book of Necromancy

   Spells                             Type                      Level
   a - Pain                           Necromancy                   1
   b - Animate Skeleton               Necromancy                   1
   c - Vampiric Draining              Necromancy                   3
   d - Regeneration                   Charms/Necromancy            3
   e - Animate Dead                   Necromancy                   4
   f - Borgnjor's Vile Clutch         Necromancy/Earth             5
Comestibles
 c - a ration


   Skills:
 - Level 2.1 Dodging
 - Level 2.4 Stealth
 + Level 2.2 Spellcasting
 * Level 5.1 Necromancy


You had 4 spell levels left.
You knew the following spells:

 Your Spells              Type           Power        Failure   Level  Hunger
a - Pain                  Necr           ###.         2%          1    #......


Dungeon Overview and Level Annotations

Branches:
Dungeon (4/15)
 Temple: D:4-7

Altars:
Zin

Annotations:
D:3 Terence


Innate Abilities, Weirdness & Mutations

You are resistant to damage.
You can heal yourself by infusing magical energy.
You passively map a small area around you.
You do not regenerate.
You are agile. (Dex +2)
You are frail. (-10% HP)
You expend magic power (3 MP) to strengthen your wands.


Message History

Unknown command.
You slash the orc!
You kill the orc!
The jackal bites you but does no damage. x2
The jackal barely misses you. x2
Unknown command.
You slash the ogre!
The ogre is severely wounded.
The jackal bites you but does no damage. x2
The ogre hits you with a giant club!
Ouch! That really hurt!
The jackal bites you but does no damage. x3
The ogre hits you with a giant club.
* * * LOW HITPOINT WARNING * * *
The jackal bites you but does no damage.
You hit the ogre.
The ogre is severely wounded.
The jackal bites you but does no damage. x2
The ogre hits you with a giant club!
You die...

, ..###* ##.K...#...#
, * ...* ##.........
, , *#.#####o........
, ,
.#####...............
..$.....####.........
,
...........oo...#####
.........#.###...#*
.......w##O# .#... ,*
#.......#♣h# ..##.O ,
........#h## #.#*##
.........h# * **
*...........
,....#..... ,,, , ,
.......* , , ..#.....
, , .........# * , ,
,


You could see an ogre, an orc wizard and 3 jackals.

Vanquished Creatures
  2 oozes (D:2)
  A worm (D:2)
  An orc (D:4)
  A giant cockroach (D:2)
  4 jackals (D:2)
  3 frilled lizards
  5 rats
17 creatures vanquished.

Notes
Turn   | Place    | Note
-------+----------+-------------------------------------------
     0 | D:1      | 4thArraOfDagon the Deep Dwarf Necromancer began the quest for the Orb.
     0 | D:1      | Reached XP level 1. HP: 15/15 MP: 3/3
    17 | D:1      | 4thArraOfDagon: stop it
    75 | D:2      | Found a glowing silver altar of Zin.
   156 | D:2      | Reached XP level 2. HP: 22/22 MP: 5/5
   225 | D:2      | Reached skill level 5 in Necromancy
   281 | D:3      | Noticed Terence
   314 | D:4      | Noticed an ogre
   320 | D:4      | Noticed an ogre
   334 | D:4      | Gained mutation: You are frail. (-10% HP) [potion of mutation]
   334 | D:4      | Gained mutation: You expend magic power (3 MP) to strengthen your wands. [potion of mutation]
   334 | D:4      | Gained mutation: You are agile. (Dex +2) [potion of mutation]
   338 | D:4      | Mangled by an ogre

Skill      XL: |  1  2 |
---------------+-------+-----
Spellcasting   | 2 |  2.2
Necromancy     | 5 |  5.1
Dodging        | |  2.1
Stealth        | |  2.4

Action                   || total
-------------------------++-------
Melee: Glaive            ||    39
 Cast: Pain              ||     4
  Use: Potion            ||     5
 Stab: Sleeping          ||     1
Armor: Skin              ||    22
       Ring mail         ||    10
       Robe              ||     4
Dodge: Dodged            ||    40
